 Dungeon Sprint DCSS version 0.31-a0-18-gea43df2a32 (webtiles) character file.

Game seed: 2523014840348845500

445 BigDaddyOpFi the Hill Orc Catastrophe (level 7, -10/68 HPs)
             Began as a Hill Orc Fighter on May 12, 2023.
             Was an Elder of Qazlal.
             Mangled by a deep troll (13 damage)
             ... in the Dungeon (Sprint VII: "The Pits").
             The game lasted 00:00:49 (390 turns).

BigDaddyOpFi the Hill Orc Catastrophe (HOFi)         Turns: 390, Time: 00:00:50

Health: -10/68     AC: 11    Str: 21    XL:     7   Next: 3%
Magic:  14/14      EV:  9    Int:  8    God:    Qazlal [****..]
Gold:   0          SH: 11    Dex: 10    Spells: 6/6 levels left

rFire   . . .        a - +0 war axe
rCold   . . .        c - +0 buckler
rNeg    . . .        l - +3 scale mail
rPois   .            (no helmet)
rElec   .            (no cloak)
rCorr   .            (no gloves)
SInv    .            (no boots)
Will    .....        (no amulet) Stlth
                     (no ring)
HPRegen 0.31/turn    (no ring)
MPRegen 0.14/turn

%: no teleportation, repel missiles
@: mighty
A: no striking features
a: Renounce Religion, Upheaval, Elemental Force


You were in the Dungeon.
You worshipped Qazlal.
Qazlal was greatly pleased with you.
You visited 1 branch

Inventory:

Hand Weapons
 a - a +0 war axe (weapon)
Armour
 c - a +0 buckler (worn)
 l - a +3 scale mail (worn)
Scrolls
 j - a scroll of blinking
Potions
 e - 6 potions of curing
 f - 6 potions of heal wounds
 g - a potion of haste
 h - 4 potions of magic
 i - 3 potions of berserk rage
 k - 2 potions of invisibility


   Skills:
 + Level 8.0 Fighting
 + Level 8.3 Axes
 + Level 7.4 Armour
 + Level 7.3 Shields
 * Level 10.6 Invocations


You had 6 spell levels left.
You didn't know any spells.
Your spell library was empty.

Dungeon Overview and Level Annotations

Branches:
Dungeon (1/1)

Altars:
Ashenzari
Cheibriados
Dithmenos
Elyvilon
Fedhas
Gozag
Hepliaklqana
Kikubaaqudgha
Makhleb
Nemelex Xobeh
Okawaru
Qazlal
Ru
Sif Muna
Trog
Uskayaw
Vehumet
Wu Jian
Xom
Yredelemnul
Zin
The Shining One
Beogh
Jiyva
Lugonu


Message History

The centaur kicks you but does no damage.
The centaur barely misses you. The centaur kicks you.
You slash the centaur!
You kill the centaur!
Qazlal accepts your kill.
You feel sick.
Your Axes skill increases to level 8!
You have reached level 7!
You feel sick.
Things that are here:
a +0 shortbow; a centaur corpse You feel sick.
You feel sick.
You feel sick.
You are no longer poisoned.
As you open the door, it creaks loudly!
A gnoll comes into view. It is wielding a +0 flail.
The gnoll shouts!
You hit the gnoll.
The gnoll is lightly wounded.
You block the gnoll's attack.
You slash the gnoll!
You kill the gnoll!
Qazlal accepts your kill.
Your Fighting skill increases to level 8!
There is an open door, spattered with blood here.
You see here a +0 flail.
You open the door.
A deep troll comes into view.
The deep troll shouts!
You closely miss the deep troll.
The deep troll bites you but does no damage.
You block the deep troll's attack. The deep troll claws you!
* * * LOW HITPOINT WARNING * * *
You slash the deep troll!
The deep troll is moderately wounded.
The deep troll bites you!
* * * LOW HITPOINT WARNING * * *
The deep troll claws you!
You die...

#.#....†...##.......#
#)###########.......#
#)......# #########
#.......# #...#...#
#..###..#+#
#...#...#.+
#......°#T#
#.......)@#
###########


You could see a deep troll.

Vanquished Creatures
  A floating eye (D)
  An ice beast (D)
  A black bear (D)
  A centaur (D)
  A scorpion (D)
  A gnoll (D)
  A river rat (D)
  An ufetubus (D)
  A ball python (D)
  An endoplasm (D)
  A goblin (D)
  A hobgoblin (D)
  3 jackals (D)
  A kobold (D)
  A quokka (D)
  A frilled lizard (D)
18 creatures vanquished.

Notes
Turn   | Place    | Note
-------+----------+-------------------------------------------
     0 | D        | BigDaddyOpFi the Hill Orc Fighter began the quest for the
                  | Orb.
     0 | D        | Reached XP level 1. HP: 19/19 MP: 1/1
    15 | D        | Found a bloodstained altar of Trog.
    15 | D        | Found a shimmering blue altar of Sif Muna.
    15 | D        | Found a viscous altar of Jiyva.
    15 | D        | Found a hazy altar of Hepliaklqana.
    15 | D        | Found an opulent altar of Gozag.
    16 | D        | Found a glowing golden altar of the Shining One.
    16 | D        | Found a glowing silver altar of Zin.
    16 | D        | Found a basalt altar of Yredelemnul.
    16 | D        | Found a shimmering altar of Xom.
    16 | D        | Found an ornate altar of the Wu Jian Council.
    16 | D        | Found a sacrificial altar of Ru.
    16 | D        | Found a stormy altar of Qazlal.
    16 | D        | Found an iron altar of Okawaru.
    16 | D        | Found a sparkling altar of Nemelex Xobeh.
    16 | D        | Found a burning altar of Makhleb.
    16 | D        | Found a blossoming altar of Fedhas.
    16 | D        | Found a white marble altar of Elyvilon.
    16 | D        | Found a shadowy altar of Dithmenos.
    16 | D        | Found a snail-covered altar of Cheibriados.
    17 | D        | Found a radiant altar of Vehumet.
    17 | D        | Found a corrupted altar of Lugonu.
    17 | D        | Found a roughly hewn altar of Beogh.
    18 | D        | Found an ancient bone altar of Kikubaaqudgha.
    18 | D        | Found a hide-covered altar of Uskayaw.
    18 | D        | Found a broken altar of Ashenzari.
    21 | D        | Became a worshipper of Qazlal Stormbringer
    49 | D        | Reached skill level 1 in Invocations
    49 | D        | Reached XP level 2. HP: 25/27 MP: 1/3
    76 | D        | Noticed a floating eye
    78 | D        | Paralysed by a floating eye for 2 turns
    82 | D        | Killed a floating eye
    82 | D        | Reached * piety under Qazlal
    83 | D        | Reached skill level 5 in Fighting
    83 | D        | Reached skill level 5 in Axes
    83 | D        | Reached skill level 5 in Armour
    83 | D        | Reached skill level 5 in Shields
    83 | D        | Reached skill level 6 in Invocations
    83 | D        | Reached XP level 3. HP: 37/37 MP: 3/7
    83 | D        | Reached XP level 4. HP: 44/44 MP: 3/8
   274 | D        | Reached XP level 5. HP: 49/50 MP: 9/9
   276 | D        | Reached ** piety under Qazlal
   334 | D        | Noticed a centaur
   334 | D        | Noticed a black bear
   335 | D        | Noticed an ice beast
   342 | D        | Reached *** piety under Qazlal
   352 | D        | Killed an ice beast
   353 | D        | Reached skill level 8 in Invocations
   360 | D        | Killed a black bear
   360 | D        | Reached **** piety under Qazlal
   361 | D        | Reached skill level 9 in Invocations
   361 | D        | Reached XP level 6. HP: 50/60 MP: 11/13
   366 | D        | Reached skill level 10 in Invocations
   370 | D        | Reached XP level 7. HP: 29/67 MP: 12/14
   388 | D        | Noticed a deep troll
   390 | D        | HP: 3/68 [deep troll (17)]
   390 | D        | Mangled by a deep troll

Illustrated notes

Levels and vault maps discovered:
D:        pitsprint [storerooms_1, entrance_room_1, metal_vault_3, armoury_3,
          mini_pit_1, grid_room_1, main_hall_1, silver_pit, the_coven_3,
          the_vestibule_1, steel_vault_5, golden_pit, hallway_of_sentries,
          crystal_vault_6, iron_vault_4, final_vault]

Skill      XL: |  1  2  3  4  5  6  7 |
---------------+----------------------+-----
Axes           | 3 5 7 8 |  8.3
Fighting       | 4 5 7 8 |  8.0
Invocations    | 1 6 9 10 | 10.6
Armour         | 5 6 7 |  7.4
Shields        | 5 6 7 |  7.3

Action                     |  1- 3 |  4- 6 |  7- 9 || total
---------------------------+-------+-------+-------++-------
  Melee: War axe           |     9 |    35 |     4 ||    48
    Use: Potion            |       |     1 |       ||     1
 Armour: Scale mail        |     4 |    13 |     1 ||    18
  Dodge: Dodged            |     1 |    15 |       ||    16
  Block: Buckler           |     1 |    25 |     2 ||    28

Table legend: (Time is in decaauts)
 A = Elapsed time spent in this place.
 B = Non-inter-level travel time spent in this place.
 C = Inter-level travel time spent in this place.
 D = Time resting spent in this place.
 E = Time spent auto-exploring this place.
 F = Levels seen in this place.
 G = Mean time per level.
                   A        B        C        D        E       F      G
               +--------+--------+--------+--------+--------+-----+--------+
         Total |    400 |    381 |     19 |    205 |      0 |   1 |  400.0 |
       Dungeon |    400 |    381 |     19 |    205 |      0 |   1 |  400.0 |
               +--------+--------+--------+--------+--------+-----+--------+

Top non-repeatable levels by time:
       D: 400 daAuts
